 Dungeon Crawl Stone Soup version 0.28-a0-631-g0446da8ef9 (webtiles) character file.

Game seed: 14105848585460732056

1764 siradein the Magician (level 8, 0/57 HPs)
             Began as a Pale Draconian Hedge Wizard on Oct 9, 2021.
             Was a Believer of Vehumet.
             Slain by Duvessa (10 damage)
             ... on level 5 of the Dungeon.
             The game lasted 00:24:13 (6797 turns).

siradein the Magician (Pale Draconian Hedge Wizard) Turns: 6797, Time: 00:24:14

Health: 0/57       AC:  7    Str: 14    XL:     8   Next: 79%
Magic:  7/15       EV: 12    Int: 16    God:    Vehumet [**....]
Gold:   259        SH:  0    Dex: 10    Spells: 2/16 levels left

rFire   . . .      SeeInvis .   e - staff of cold
rCold   + . .      Faith    .   (no shield)
rNeg    . . .      Spirit   .   (armour unavailable)
rPois   .          Reflect  .   b - +0 hat
rElec   .          Harm     .   m - +0 cloak
rCorr   .          Rampage  .   (no gloves)
Will    .....                   (no boots)
Stlth   ++........              (no amulet)
HPRegen 0.19/turn               (no ring)
MPRegen 0.14/turn               (no ring)

@: short of breath
A: breathe steam, AC +6, unfitting armour, cold-blooded, steam resistance
a: Breathe Steam, Renounce Religion


You were on level 5 of the Dungeon.
You worshipped Vehumet.
Vehumet was pleased with you.
You visited 1 branch of the dungeon, and saw 5 of its levels.

You collected 259 gold pieces.

Inventory:

Armour
 b - a +0 hat (worn)
 g - a scarf of repulsion
 h - a +0 buckler
 m - a +0 cloak (worn)
Magical Staves
 e - a staff of cold (weapon)
Wands
 p - a wand of acid (5)
Scrolls
 c - 4 scrolls of identify {unknown}
 f - 3 scrolls of noise {unknown}
 j - a scroll of teleportation {unknown}
 o - a scroll of fog {unknown}
Potions
 a - 3 potions of lignification {unknown}
 d - a potion of cancellation {unknown}
 i - a potion of berserk rage {unknown}
 k - a potion of magic {unknown}
 l - a potion of curing {unknown}
 n - a potion of attraction {unknown}


   Skills:
 - Level 3.0 Dodging
 - Level 1.7 Stealth
 + Level 3.6 Shields
 + Level 4.8 Spellcasting
 + Level 4.2 Conjurations
 + Level 4.3 Summonings
 + Level 3.1 Necromancy
 + Level 4.2 Translocations
 + Level 3.2 Air Magic
 + Level 2.8 Poison Magic


You had 2 spell levels left.
You knew the following spells:

 Your Spells              Type           Power      Damage    Failure   Level
a - Magic Dart            Conj           68%        1d6       2%          1
b - Blink                 Tloc           N/A        N/A       4%          2
c - Call Imp              Summ           17%        N/A       3%          2
d - Slow                  Hex            3%         N/A       24%         2
e - Corpse Rot            Necr/Air       N/A        N/A       6%          2
f - Mephitic Cloud        Conj/Pois/Air  14%        N/A       12%         3
g - Poisonous Vapours     Pois/Air       26%        N/A       7%          2

Your spell library contained the following spells:

 Spells                   Type           Power      Damage    Failure   Level
 Sandblast                Erth           6%         2d5       16%         1
 Sublimation of Blood     Necr           6%         N/A       6%          2
 Lesser Beckoning         Tloc           17%        N/A       9%          3
 Conjure Flame            Conj/Fire      10%        6-21      21%         3
 Petrify                  Tmut/Erth      3%         N/A       83%         4
 Irradiate                Conj/Tmut      5%         3d15      88%         5
 Alistair's Intoxication  Tmut/Pois      5%         N/A       94%         5
 Malign Gateway           Summ/Tloc      8%         N/A       100%        7


Dungeon Overview and Level Annotations

Branches:
Dungeon (5/15)
 Temple: D:4-7

Altars:
Makhleb
Vehumet
Xom

Annotations:
D:4 3 runed translucent doors, siradein's ghost, amateur DrEn
D:5 Dowan; Duvessa


Innate Abilities, Weirdness & Mutations

You can breathe blasts of scalding, opaque steam.
Your pale cyan-grey scales are hard. (AC +6)
You cannot fit into any form of body armour.
You are cold-blooded and may be slowed by cold attacks.
You are immune to the effects of steam.


Message History

You have got your breath back.
Duvessa hits you with a +5 rapier of protection.
You see here a +0 dagger.
Duvessa looks more healthy.
Dowan gestures wildly while chanting.
Dowan blinks!
Casting: Poisonous Vapours (safe; 7% risk of failure)
Confirm with . or Enter, or press ? or * to list all spells.
Aiming: Poisonous Vapours (safe; 7% risk of failure)
Press: ? - help, Dir - move target, f/p - Duvessa
Aim: Duvessa, wielding a +5 rapier of protection and wearing a +0 chain mail (severely wounded) Poisonous vapours surround Duvessa!
Duvessa is poisoned.
Duvessa gestures with her weapon.
Duvessa hits you with a +5 rapier of protection!
Dowan gestures at Duvessa while chanting.
Duvessa seems to speed up.
Dowan gestures wildly while chanting.
Dowan blinks!
Duvessa barely misses you.
Dowan gestures wildly while chanting.
Dowan blinks!
Duvessa hits you but does no damage.
Press: ? - help, Shift-Dir - straight line, f/p - Duvessa
Aim: Duvessa, wielding a +5 rapier of protection and wearing a +0 chain mail (severely wounded, fast, poisoned)
You exhale a blast of scalding steam.
The ball of steam hits Duvessa but does no damage.
Duvessa is severely wounded.
Duvessa hits you with a +5 rapier of protection. x2
Duvessa looks more healthy.
Duvessa hits you with a +5 rapier of protection!
* * * LOW HITPOINT WARNING * * *
Casting: Poisonous Vapours (safe; 7% risk of failure)
Confirm with . or Enter, or press ? or * to list all spells.
Aiming: Poisonous Vapours (safe; 7% risk of failure)
Press: ? - help, Dir - move target, f/p - Duvessa
Aim: Duvessa, wielding a +5 rapier of protection and wearing a +0 chain mail (severely wounded, fast) Poisonous vapours surround Duvessa!
Duvessa is poisoned.
Duvessa hits you with a +5 rapier of protection.
* * * LOW HITPOINT WARNING * * *
Duvessa hits you with a +5 rapier of protection!
You die...

#...............## ###########
#...............# #.........#
#######.........# #.........#
#.........## #.........#
####.....### #.........#
#.....### #.........# #......÷.
#.........###############..)..###
####...........÷@e.....§...§.....
#.....)......#####........####
#...).....................#
#.............####....###.#
#.............# #....# #.#
#.............# #....# #.#
#.............# #....# #.#
#.............# ###### #.#
#.............# #.#


You could see Duvessa (fast, poisoned).

Vanquished Creatures
  Prince Ribbit (D:5)
  Eustachio (D:2)
  Menkaure (D:4)
  2 black bears (D:5)
  A bullfrog (D:5)
  A water moccasin skeleton (D:4)
  A bullfrog zombie (D:5)
  4 orc priests (D:5)
  A centaur skeleton (D:4)
  3 hounds
  A gnoll shaman (D:5)
  2 jellies
  Crazy Yiuf (D:2)
  An iguana (D:5)
  3 orc wizards
  Robin (D:4)
  3 gnolls (D:5)
  10 adders
  An adder skeleton (D:4)
  A worm (D:3)
  2 dart slugs (D:1)
  15 orcs
  3 bats
  7 endoplasms
  9 giant cockroaches
  6 hobgoblins
  2 jackals (D:4)
  2 quokkas (D:2)
  7 ball pythons
  3 frilled lizards (D:2)
  17 goblins
  4 kobolds
  5 rats
122 creatures vanquished.

Vanquished Creatures (collateral kills)
  A sky beast (D:3)
  A black bear (D:3)
  A crimson imp (D:2)
  Natasha (twice) (D:3)
5 creatures vanquished.

Vanquished Creatures (others)
  2 fungi (D:4)
  2 toadstools (D:4)
4 creatures vanquished.

Grand Total: 131 creatures vanquished

Notes
Turn   | Place    | Note
-------+----------+-------------------------------------------
     0 | D:1      | siradein the Draconian Hedge Wizard began the quest for the
                  | Orb.
     0 | D:1      | Reached XP level 1. HP: 14/14 MP: 4/4
   335 | D:1      | Reached XP level 2. HP: 20/20 MP: 0/6
   338 | D:1      | Learned a level 2 spell: Blink
   342 | D:1      | Learned a level 2 spell: Call Imp
   402 | D:1      | Learned a level 2 spell: Slow
  1089 | D:2      | Reached XP level 3. HP: 26/26 MP: 1/7
  1388 | D:2      | Found a faded altar of an unknown god.
  1845 | D:2      | Got Ysamnetu's Reference Book on the Mutagenic Compass
  2042 | D:2      | Found a runed translucent door.
  2043 | D:2      | Noticed Crazy Yiuf
  2468 | D:2      | Reached XP level 4. HP: 20/33 MP: 3/9
  2621 | D:3      | Found a burning altar of Makhleb.
  2622 | D:3      | Found a radiant altar of Vehumet.
  2627 | D:3      | Became a worshipper of Vehumet
  2817 | D:3      | Noticed a sky beast
  2872 | D:3      | Killed a sky beast
  2873 | D:3      | Reached skill level 1 in Shields
  2873 | D:3      | Reached XP level 5. HP: 25/38 MP: 2/10
  3051 | D:3      | Noticed a black bear
  3153 | D:3      | Killed a black bear
  3154 | D:3      | Reached XP level 6. HP: 45/45 MP: 1/11
  3394 | D:3      | Learned a level 2 spell: Corpse Rot
  3398 | D:3      | Learned a level 3 spell: Mephitic Cloud
  3530 | D:3      | Noticed Natasha
  3541 | D:3      | Killed Natasha
  3941 | D:3      | Noticed Natasha
  3946 | D:3      | Killed Natasha
  4347 | D:4      | Noticed Eustachio
  4574 | D:2      | Killed Eustachio
  4575 | D:2      | Reached skill level 1 in Necromancy
  4575 | D:2      | Your scales start taking on a pale cyan-grey colour.
  4575 | D:2      | Reached skill level 1 in Air Magic
  4575 | D:2      | Reached XP level 7. HP: 45/50 MP: 2/13
  4575 | D:2      | Gained mutation: You are immune to the effects of steam.
                  | [Pale Draconian growth]
  4606 | D:4      | Reached skill level 1 in Poison Magic
  4607 | D:4      | Reached * piety under Vehumet
  4607 | D:4      | Offered knowledge of Shock by Vehumet.
  4807 | D:4      | Found a runed translucent gate.
  4807 | D:4      | Found a runed translucent gate.
  4807 | D:4      | Found a runed translucent gate.
  4808 | D:4      | Noticed siradein's ghost (amateur DrEn)
  4833 | D:4      | Noticed Menkaure
  4836 | D:4      | Killed Menkaure
  4980 | D:4      | Noticed Robin
  4984 | D:4      | Killed Robin
  5116 | D:4      | Learned a level 2 spell: Poisonous Vapours
  5151 | D:4      | Found a shimmering altar of Xom.
  5334 | D:4      | Reached ** piety under Vehumet
  5386 | D:4      | Offered knowledge of Sandblast by Vehumet.
  5738 | D:2      | Killed Crazy Yiuf
  5946 | D:5      | Entered Level 5 of the Dungeon
  5992 | D:5      | Reached XP level 8. HP: 57/57 MP: 1/14
  6316 | D:5      | Noticed Prince Ribbit
  6337 | D:5      | Killed Prince Ribbit
  6766 | D:5      | Noticed Duvessa
  6767 | D:5      | Noticed Dowan
  6797 | D:5      | Slain by Duvessa

Illustrated notes

Levels and vault maps discovered:
D:1:      mrwooster_arrival_arrow, layout_rooms
D:2:      layout_loops_cross, shapermc_ecumenical_altar_acropolis, st_stairs_2,
          skrybe_limestone_x, uniq_crazy_yiuf_cottage
D:3:      layout_loops_ring, grunt_temple_overflow_lords_of_destruction,
          minmay_door_square, minmay_misc_feat_doors, hangedman_feature_mirror,
          lightli_corner_chamber, uniq_natasha
D:4:      layout_cave_pools, old_standard_altar, ebering_ghost_rock_garden,
          minmay_gold_behind_fungi, kennysheep_generic_room_3, uniq_eustachio,
          uniq_robin, uniq_menkaure
D:5:      layout_basic, uniq_duvessa, uniq_prince_ribbit1

Skill      XL: |  1  2  3  4  5  6  7  8 |
---------------+-------------------------+-----
Dodging        | 2 3 |  3.0
Conjurations   | 2 3 4 |  4.2
Summonings     | 2 3 4 |  4.3
Translocations | 2 3 4 |  4.2
Shields        | 1 2 3 |  3.6
Spellcasting   | 4 |  4.8
Necromancy     | 1 2 3 |  3.1
Air Magic      | 1 2 3 |  3.2
Poison Magic   | 1 2 |  2.8
Stealth        | |  1.7

Action                   |  1- 3 |  4- 6 |  7- 9 || total
-------------------------+-------+-------+-------++-------
Melee: Dagger            |    45 |       |       ||    45
       Tailslap          |     8 |     1 |     1 ||    10
       Short sword       |    34 |       |       ||    34
       Falchion          |    30 |    26 |       ||    56
       Staff             |       |     7 |     5 ||    12
 Cast: Magic Dart        |    95 |    78 |    80 ||   253
       Call Imp          |     6 |    22 |       ||    28
       Blink             |       |     1 |     5 ||     6
       Poisonous Vapours |       |       |    20 ||    20
       Corpse Rot        |       |       |     5 ||     5
 Abil: Breathe Steam     |       |       |    31 ||    31
Armor: Skin              |    40 |    25 |    14 ||    79
Dodge: Dodged            |    78 |    41 |    33 ||   152

Table legend: (Time is in decaauts)
 A = Elapsed time spent in this place.
 B = Non-inter-level travel time spent in this place.
 C = Inter-level travel time spent in this place.
 D = Time resting spent in this place.
 E = Time spent auto-exploring this place.
 F = Levels seen in this place.
 G = Mean time per level.
                   A        B        C        D        E       F      G
               +--------+--------+--------+--------+--------+-----+--------+
         Total |   6842 |   6658 |    184 |    446 |   4826 |   5 | 1368.4 |
       Dungeon |   6842 |   6658 |    184 |    446 |   4826 |   5 | 1368.4 |
               +--------+--------+--------+--------+--------+-----+--------+

Top non-repeatable levels by time:
     D:3: 2216 daAuts
     D:2: 1591 daAuts
     D:4: 1149 daAuts
     D:1: 1036 daAuts
     D:5: 848 daAuts
